 Dungeon Crawl Stone Soup version 0.27.1-2-g3b301248ec (webtiles) character file.

Game seed: 8785794323676383505

23457 barney the Grappler (level 12, -1/127 HPs)
             Began as a Green Draconian Transmuter on Sept 29, 2021.
             Was a High Priest of Cheibriados.
             Slain by Rupert (34 damage)
             ... on level 3 of the Lair of Beasts.
             The game lasted 00:29:11 (21217 turns).

barney the Grappler (Green Draconian Transmuter)   Turns: 21217, Time: 00:29:12

Health: -1/127     AC: 10    Str: 35    XL:     12   Next: 72%
Magic:  9/18       EV: 11    Int: 35    God:    Cheibriados [*****.]
Gold:   762        SH:  0    Dex: 25    Spells: 2/15 levels left

rFire    x . .     SeeInvis +     - Unarmed
rCold    + + +     Faith    +   (shield currently unavailable)
rNeg     . . .     Spirit   .   (armour unavailable)
rPois    +         Reflect  .   (helmet currently unavailable)
rElec    .         Harm     .   (cloak currently unavailable)
rCorr    .         Rampage  .   (gloves currently unavailable)
Will     .....                  (boots currently unavailable)
Stlth    ++........             s - amulet of faith
HPRegen  0.31/turn              C - ring of see invisible
MPRegen  0.16/turn              l - +6 ring of strength

@: short of breath, ice-form, very slow
A: freezing attack, amphibious, boosted hp, (breathe noxious fumes), AC +8,
large, unfitting armour, (poison resistance), (cold-blooded), clever 1, strong 1
a: End Transformation, Renounce Religion, Bend Time, Temporal Distortion,
Slouch, Step From Time


You were on level 3 of the Lair of Beasts.
You worshipped Cheibriados.
Cheibriados was extremely pleased with you.
You were a creature of crystalline ice.
You visited 3 branches of the dungeon, and saw 12 of its levels.
You also visited: Ossuary.

You collected 762 gold pieces.

Inventory:

Hand Weapons
 g - a +1 dagger of electrocution
 m - a +4 quarterstaff of chaos
 t - a +1 trident of venom (melded)
 x - a +1 long sword of flaming
Armour
 i - a +0 pair of gloves (melded)
 n - a +1 cloak (melded)
 D - a +2 hat of stealth (melded)
Magical Staves
 w - a staff of cold
Jewellery
 a - a ring of poison resistance
 l - a +6 ring of strength (right front paw)
 s - an amulet of faith (around neck)
 C - a ring of see invisible (left front paw)
 E - a ring of flight
Wands
 d - a wand of polymorph (28)
 r - a wand of iceblast (10)
 u - a wand of digging (9)
Scrolls
 h - 7 scrolls of identify
 k - a scroll of summoning
 o - 3 scrolls of teleportation
 p - 2 scrolls of vulnerability
 q - 2 scrolls of fog
 y - a scroll of blinking
 B - a scroll of magic mapping
Potions
 b - 2 potions of ambrosia
 c - 2 potions of flight
 e - 2 potions of brilliance
 f - 2 potions of mutation
 j - 3 potions of resistance
 v - 2 potions of berserk rage
 A - 2 potions of curing


   Skills:
 - Level 10.0 Fighting
 - Level 2.0 Dodging
 * Level 14.4 Unarmed Combat
 - Level 2.1 Spellcasting
 + Level 2.9 Conjurations
 - Level 8.3 Transmutations
 - Level 4.2 Ice Magic
 + Level 4.7 Poison Magic
 - Level 8.3 Invocations
 - Level 1.0 Evocations


You had 2 spell levels left.
You knew the following spells:

 Your Spells              Type           Power      Damage    Failure   Level
a - Beastly Appendage     Tmut           100%       N/A       1%          1
b - Ignite Poison         Fire/Tmut/Pois 34%        N/A       2%          3
c - Ice Form              Ice/Tmut       47%        N/A       4%          4
d - Wereblood             Tmut           58%        N/A       1%          2
e - Mephitic Cloud        Conj/Pois/Air  21%        N/A       6%          3

Your spell library contained the following spells:

 Spells                   Type           Power      Damage    Failure   Level
 Magic Dart               Conj           96%        1d7       1%          1
 Searing Ray              Conj           48%        3d5       2%          2
 Spider Form              Tmut/Pois      24%        N/A       1%          3
 Fulminant Prism          Conj/Hex       6%         3d7       30%         4
 Bolt of Magma            Conj/Fire/Erth 5%         4d5       71%         5


Dungeon Overview and Level Annotations

Branches:
Dungeon (8/15)             Temple (1/1) D:4            Lair (3/6) D:8
Ossuary (visited)
  Swamp: Lair:2-4    Shoals: Lair:2-4     Snake: Lair:2-4    Spider: Lair:2-4

Altars:
Ashenzari
Cheibriados
Elyvilon
Fedhas
Gozag
Hepliaklqana
Kikubaaqudgha
Makhleb
Nemelex Xobeh
Okawaru
Qazlal
Ru
Sif Muna
Trog
Uskayaw
Vehumet
Xom
Yredelemnul
Zin
The Shining One

Shops:
D:2 !(*(   D:4 [

Annotations:
Lair:3 Rupert


Innate Abilities, Weirdness & Mutations

You are a creature of crystalline ice.
You have a powerful freezing melee attack.
You are amphibious.
Your maximum health is increased.
Your armour is entirely melded.
You are incapable of wielding weapons or throwing items.
((You can breathe blasts of noxious fumes.))
((Your lurid green scales are hard. (AC +8)))
You cannot fit into any form of body armour.
((Your system is resistant to poisons. (rPois)))
((You are cold-blooded and may be slowed by cold attacks.))
Your mind is acute. (Int +2)
Your muscles are strong. (Str +2)


Message History

Your +0 pair of gloves melds into your body.
Your +1 trident of venom stops dripping with poison.
You feel less stealthy.
Rupert is engulfed in blazing flames.
Unknown command.
Rupert is engulfed in blazing flames.
Rupert looks as if he doubts whether you exists.
Rupert roars wildly at you.
You struggle to resist.
Unknown command.
Rupert is engulfed in blazing flames.
You completely miss Rupert.
Rupert is lightly wounded.
Rupert is engulfed in blazing flames.
Rupert hits you with a +4 battleaxe of flaming!!
Rupert melts you!
Unknown command.
You pulverise Rupert!!!
You freeze Rupert.
Rupert is heavily wounded.
Rupert is engulfed in blazing flames.
Rupert roars madly and goes into a rage!
Rupert goes berserk!
Unknown command.
You pummel Rupert!! You freeze Rupert.
Rupert is severely wounded.
Rupert is engulfed in blazing flames.
Rupert hits you with a +4 battleaxe of flaming!
Rupert melts you.
Unknown command.
You pummel Rupert!! You freeze Rupert!
Rupert is almost dead.
Rupert is engulfed in blazing flames.
Rupert hits you with a +4 battleaxe of flaming!!!
Rupert melts you.
* * * LOW HITPOINT WARNING * * *
Unknown command.
Okay, then.
You hit Rupert but do no damage.
Rupert is almost dead.
Rupert hits you with a +4 battleaxe of flaming!!
You die...

..##P .... ...
.. #.
#.####.## ##
........####.#
#°..@Y....#
##....##..#
##..###..##
.... #..P#
#..#.. ##.##
###### #...###
#..##.##
#).##..#
########
#.>...##


You could see Rupert (berserk).

Vanquished Creatures
  Gastronok (Lair:1)
  A boulder beetle (Lair:2)
  A two-headed ogre (D:5)
  4 death yaks (Lair:3)
  Sonja (Lair:2)
  A lindwurm (Lair:2)
  A deep elf pyromancer (D:8)
  A black mamba (Lair:3)
  6 cane toads
  2 rime drakes
  Maggie (Lair:2)
  A komodo dragon (Lair:2)
  A polar bear (Lair:1)
  A hornet (Lair:2)
  3 blink frogs (Lair:3)
  3 wyverns
  37 yaks
  3 basilisks
  Edmund (D:5)
  9 water moccasins
  3 black bears
  5 orc warriors
  An ice beast (D:7)
  3 necrophages
  8 wolves (Lair:3)
  5 ogres
  3 centaurs (Lair:2)
  A phantom (D:7)
  6 elf zombies
  12 bullfrogs
  4 scorpions
  2 gnoll sergeants
  3 elf skeletons (D:8)
  A wyvern zombie (D:7)
  A water moccasin skeleton (D:7)
  An oklob sapling (D:4)
  2 howler monkeys (D:8)
  4 centaur zombies (Ossuary)
  A bullfrog zombie (D:7)
  3 jellies
  3 human zombies (Ossuary)
  A centaur skeleton (D:7)
  Crazy Yiuf (D:2)
  3 hounds (D:5)
  2 orc priests
  A bullfrog skeleton (D:5)
  Ijyb (D:3)
  A human skeleton (D:8)
  Natasha (D:3)
  6 iguanas
  2 orc wizards
  A howler monkey zombie (D:8)
  3 mummies (Ossuary)
  6 adders
  8 gnolls
  2 howler monkey skeletons
  A shadow imp (D:5)
  A white imp (D:6)
  An ufetubus (D:7)
  3 worms
  14 orcs
  8 ball pythons
  6 bats
  4 endoplasms
  2 giant cockroaches (D:1)
  6 goblins
  7 hobgoblins
  4 jackals (D:1)
  12 kobolds
  2 quokkas
  4 frilled lizards
  An orc zombie (D:8)
  5 rats
271 creatures vanquished.

Vanquished Creatures (collateral kills)
  A centaur (Lair:2)
1 creature vanquished.

Vanquished Creatures (others)
  A bush (Lair:3)
  39 fungi
  72 plants
112 creatures vanquished.

Grand Total: 384 creatures vanquished

Notes
Turn   | Place    | Note
-------+----------+-------------------------------------------
     0 | D:1      | barney the Draconian Transmuter began the quest for the
                  | Orb.
     0 | D:1      | Reached XP level 1. HP: 16/16 MP: 3/3
   556 | D:1      | Reached XP level 2. HP: 23/23 MP: 3/5
  1137 | D:1      | Reached XP level 3. HP: 28/28 MP: 4/6
  1141 | D:1      | Learned a level 3 spell: Spider Form
  1484 | D:2      | Found Jeffy's Antique Weapon Shop.
  1690 | D:2      | Found Zulostrot's Antique Weapon Shoppe.
  1915 | D:2      | Found Mily's General Store.
  1973 | D:2      | Reached XP level 4. HP: 35/35 MP: 2/7
  2093 | D:2      | Found a runed translucent door.
  2094 | D:2      | Noticed Crazy Yiuf
  2121 | D:2      | Found a faded altar of an unknown god.
  2214 | D:2      | Found Juataff's Distillery.
  2457 | D:2      | Gained mutation: Your mind is acute. (Int +2) [potion of
                  | mutation]
  2457 | D:2      | Gained mutation: Your muscles are strong. (Str +2) [potion
                  | of mutation]
  3332 | D:2      | Killed Crazy Yiuf
  3333 | D:2      | Reached skill level 4 in Unarmed Combat
  3503 | D:3      | Noticed a black bear
  3525 | D:3      | Killed a black bear
  3526 | D:3      | Reached XP level 5. HP: 21/40 MP: 4/8
  4108 | D:3      | Noticed Ijyb
  4119 | D:3      | Killed Ijyb
  4372 | D:3      | Noticed Natasha
  4377 | D:3      | Killed Natasha
  4378 | D:3      | Reached skill level 5 in Transmutations
  4378 | D:3      | Reached XP level 6. HP: 42/47 MP: 5/9
  4383 | D:3      | Learned a level 4 spell: Ice Form
  5108 | D:4      | Reached skill level 1 in Ice Magic
  5434 | D:4      | Reached skill level 5 in Unarmed Combat
  5598 | D:4      | Your scales start taking on a lurid green colour.
  5598 | D:4      | Reached XP level 7. HP: 50/52 MP: 6/10
  5598 | D:4      | Gained mutation: Your system is resistant to poisons.
                  | (rPois) [Green Draconian growth]
  5739 | D:4      | Found a stormy altar of Qazlal.
  5986 | D:4      | Learned a level 2 spell: Wereblood
  6128 | D:4      | Found a staircase to the Ecumenical Temple.
  6216 | Temple   | Entered the Ecumenical Temple
  6589 | D:4      | Found Qoucrula's Antique Armour Shoppe.
  7040 | D:5      | Entered Level 5 of the Dungeon
  7152 | Temple   | Became a worshipper of Cheibriados the Contemplative
  7814 | D:5      | Reached skill level 1 in Poison Magic
  7861 | D:5      | Reached skill level 1 in Invocations
  7861 | D:5      | Reached skill level 1 in Evocations
  8513 | D:5      | Reached * piety under Cheibriados
  8514 | D:5      | Reached XP level 8. HP: 57/59 MP: 11/11
  8685 | D:5      | You fall into a shaft and drop 2 floors!
  9035 | D:5      | Noticed a two-headed ogre
  9052 | D:5      | Killed a two-headed ogre
  9053 | D:5      | Reached skill level 6 in Unarmed Combat
  9153 | D:5      | Noticed Edmund
  9163 | D:5      | Killed Edmund
  9573 | D:6      | Reached skill level 7 in Unarmed Combat
  9586 | D:6      | Reached XP level 9. HP: 39/68 MP: 12/12
  9895 | D:6      | Reached ** piety under Cheibriados
 10308 | D:6      | Reached skill level 8 in Unarmed Combat
 12040 | D:7      | Reached skill level 9 in Unarmed Combat
 12226 | D:7      | Reached skill level 5 in Fighting
 12842 | D:8      | Found an iron altar of Okawaru.
 12890 | D:8      | Reached *** piety under Cheibriados
 12907 | D:8      | Found a sand-covered staircase.
 12915 | Ossuary  | Entered an ossuary
 13210 | Ossuary  | Reached XP level 10. HP: 83/83 MP: 10/13
 13294 | Ossuary  | Reached skill level 10 in Unarmed Combat
 14001 | D:8      | Noticed a deep elf pyromancer
 14007 | D:8      | Killed a deep elf pyromancer
 14014 | D:8      | Reached **** piety under Cheibriados
 14482 | D:8      | Found a staircase to the Lair.
 15109 | Lair:1   | Entered Level 1 of the Lair of Beasts
 15153 | Lair:1   | Noticed Gastronok
 15168 | Lair:1   | Killed Gastronok
 15169 | Lair:1   | Reached skill level 11 in Unarmed Combat
 15171 | Lair:1   | Reached skill level 5 in Invocations
 15604 | Lair:1   | Reached XP level 11. HP: 88/92 MP: 7/14
 16145 | Lair:1   | Reached skill level 12 in Unarmed Combat
 17054 | Lair:2   | Noticed Maggie
 17309 | Lair:2   | Reached ***** piety under Cheibriados
 17612 | Lair:2   | Reached skill level 13 in Unarmed Combat
 17803 | Lair:2   | Killed Maggie
 18120 | Lair:2   | Found a sacrificial altar of Ru.
 18546 | Lair:2   | Reached XP level 12. HP: 32/105 MP: 10/17
 19088 | Lair:2   | Found an iron altar of Okawaru.
 19106 | Lair:2   | Noticed Sonja
 19117 | Lair:2   | Killed Sonja
 19436 | Lair:2   | Noticed a boulder beetle
 19445 | Lair:2   | Killed a boulder beetle
 19937 | Lair:3   | Noticed a death yak
 19937 | Lair:3   | Noticed a death yak
 19937 | Lair:3   | Noticed a death yak
 20065 | Lair:2   | Learned a level 3 spell: Ignite Poison
 20069 | Lair:2   | Learned a level 3 spell: Mephitic Cloud
 20273 | Lair:3   | Noticed a catoblepas
 20535 | Lair:3   | Reached skill level 10 in Fighting
 20775 | Lair:3   | Reached skill level 14 in Unarmed Combat
 20775 | Lair:3   | Reached skill level 1 in Conjurations
 20927 | Lair:3   | Noticed a death yak
 20935 | Lair:3   | Killed a death yak
 20939 | Lair:3   | Killed a death yak
 20942 | Lair:3   | Killed a death yak
 20945 | Lair:3   | Killed a death yak
 21206 | Lair:3   | Noticed Rupert
 21217 | Lair:3   | Slain by Rupert

Illustrated notes

Levels and vault maps discovered:
D:1:      minmay_arrival_five_plusses, layout_loops_ring,
          minmay_misc_feat_roman, amcnicky_mini_pool_small, serial_bayou_pond_c
D:2:      layout_basic, ebering_ecumenical_altar_hall, serial_shops,
          nicolae_shop_overgrown_old_shop, nicolae_square_shop,
          nicolae_diamond_shop, nicolae_shop_statue_plus,
          uniq_crazy_yiuf_cottage
D:3:      layout_loops_ring, grunt_decor_cap, skrybe_limestone_x,
          minmay_fractal_squares_gapless_5, uniq_natasha, uniq_ijyb
D:4:      layout_gridville, nicolae_overflow_crystal_walls,
          minmay_temple_entry_oklob, serial_shops, nicolae_lakefront_shop
D:5:      layout_basic, uniq_edmund
D:6:      layout_loops_ring
D:7:      layout_rooms
D:8:      minmay_chambers_of_fours, layout_cave_pools, okawaru_metal_pillars_3,
          grunt_lair_entry_orc_guard_hut, nicolae_ossuary_entry_catacombs
Temple:   minmay_temple_bridge_d
Lair:1:   layout_regular_city, hangedman_lair_unloving_vines,
          serial_bayou_pond_e, grunt_megastairs_2, uniq_gastronok
Lair:2:   layout_loops_ring, nicolae_volcano_entry_vermiform, basic_altar,
          eino_small_chamber_without_monster, lemuel_centaur_altar,
          infiniplex_staircase_pool, uniq_maggie, uniq_sonja
Lair:3:   layout_loops_ring, uniq_rupert

Skill      XL: |  1  2  3  4  5  6  7  8  9 10 11 12 |
---------------+-------------------------------------+-----
Dodging        | 2 |  2.0
Transmutations | 3 4 5 6 8 |  8.3
Unarmed Combat | 4 5 7 9 11 13 14 | 14.4
Ice Magic      | 1 2 4 |  4.2
Poison Magic   | 1 4 |  4.7
Invocations    | 1 5 7 8 |  8.3
Evocations     | 1 |  1.0
Fighting       | 2 5 7 9 10 | 10.0
Conjurations   | 2 |  2.9
Spellcasting   | |  2.1

Action                   |  1- 3 |  4- 6 |  7- 9 | 10-12 || total
-------------------------+-------+-------+-------+-------++-------
Melee: Unarmed           |    78 |    51 |   181 |   311 ||   621
       Kick              |    13 |       |    10 |       ||    23
       Tailslap          |     7 |     4 |     9 |     4 ||    24
       Dagger            |    40 |    19 |    47 |       ||   106
       Headbutt          |     2 |       |     5 |       ||     7
       Quarterstaff      |       |    42 |     9 |       ||    51
       Trident           |       |       |     7 |    16 ||    23
       Punch             |       |       |     2 |     3 ||     5
 Cast: Beastly Appendage |    20 |     5 |     8 |       ||    33
       Spider Form       |     2 |    13 |    22 |       ||    37
       Ice Form          |       |       |     5 |    40 ||    45
       Wereblood         |       |       |     2 |     6 ||     8
       Mephitic Cloud    |       |       |       |     1 ||     1
       Ignite Poison     |       |       |       |     1 ||     1
Invok: Slouch            |       |       |       |     2 ||     2
 Abil: Breathe Noxious F |       |       |     7 |     4 ||    11
       End Transformatio |       |       |     1 |       ||     1
Evoke: Wand              |       |       |       |     1 ||     1
  Use: Potion            |       |     4 |     6 |     4 ||    14
       Scroll            |       |       |    11 |     3 ||    14
 Stab: Confused          |       |       |     5 |     1 ||     6
       Sleeping          |       |       |       |     1 ||     1
Armor: Skin              |    43 |    20 |    49 |    96 ||   208
Dodge: Dodged            |    79 |    85 |   140 |   153 ||   457
